 Dungeon Crawl Stone Soup version 0.32-a0-995-gb4a59205af (webtiles) character file.

Game seed: 14938072157960927307

32642 bobo the Warrior (level 13, -18/190 HPs)
             Began as a Minotaur Berserker on Apr 23, 2024.
             Was a High Priest of Trog.
             Demolished by a skeletal warrior
             ... wielding a +0 glaive
              (21 damage)
             ... on level 9 of the Dungeon.
             The game lasted 00:39:43 (12929 turns).

bobo the Warrior (Minotaur Berserker)              Turns: 12929, Time: 00:39:44

Health: -18/190    AC: 21    Str: 26    XL:     13   Next: 32%
Magic:  12/12      EV: 13    Int:  4    God:    Trog [*****.]
Gold:   421        SH:  0    Dex: 19    Spells: 12/12 levels left

rFire   . . .        a - +6 great sword (flame)
rCold   . . .        (shield currently unavailable)
rNeg    . . .        O - +1 plate armour of Wurocledoq {Str-3 Dex+5 SInv}
rPois   .            (helmet restricted)
rElec   .            (no cloak)
rCorr   .            G - +1 pair of gloves "Acoxif" {Will++}
SInv    +            p - +2 pair of boots
Will    ++...        P - amulet of the acrobat Stlth
                     t - +4 ring of protection
HPRegen 0.51/turn    u - +6 ring of strength
MPRegen 0.13/turn

%: acrobat
@: berserking (expiring), very quick
A: horns 2, retaliatory headbutt
a: Renounce Religion, Berserk, Trog's Hand, Brothers in Arms


You were on level 9 of the Dungeon.
You worshipped Trog.
Trog was extremely pleased with you.
You visited 2 branches of the dungeon, and saw 14 of its levels.
You also visited: Ossuary.

You collected 886 gold pieces.
You spent 465 gold pieces at shops.

Inventory:

Hand Weapons
 a - a +6 great sword of flaming (weapon)
 D - the +11 hand axe of Mafemol {speed, rF+ Str+3}
   (You found it on level 6 of the Dungeon)

   Str+3:     It affects your strength (+3).
   rF+:       It protects you from fire.
 L - a +3 falchion of draining
Missiles
 g - 5 silver javelins
 q - 2 throwing nets
Armour
 p - a +2 pair of boots (worn)
 G - the +1 pair of gloves "Acoxif" (worn) {Will++}
   (You bought it in a shop on level 5 of the Dungeon)

   Will++:    It greatly increases your willpower.
 O - the +1 plate armour of Wurocledoq (worn) {Str-3 Dex+5 SInv}
   (You found it on level 2 of the Lair of Beasts)

   Str-3:     It affects your strength (-3).
   Dex+5:     It affects your dexterity (+5).
   SInv:      It lets you see invisible.
Jewellery
 r - a ring of resist corrosion
 t - a +4 ring of protection (left hand)
 u - a +6 ring of strength (right hand)
 P - an amulet of the acrobat (around neck)
Talismans
 d - a granite talisman
Wands
 b - a wand of mindburst (21)
 e - a wand of roots (11)
 z - a wand of digging (4)
Scrolls
 f - 2 scrolls of silence
 h - a scroll of fear
 k - 4 scrolls of noise
 l - a scroll of identify
 n - 4 scrolls of poison
 o - a scroll of enchant armour
 y - 3 scrolls of immolation
 C - 2 scrolls of fog
 I - a scroll of amnesia
 K - 2 scrolls of revelation
Potions
 c - 5 potions of curing
 i - a potion of enlightenment {unknown}
 j - a potion of brilliance {unknown}
 s - 2 potions of lignification
 v - 5 potions of cancellation
 A - a potion of mutation {unknown}
 B - 2 potions of degeneration {unknown}
 E - a potion of invisibility {unknown}
 J - a potion of might {unknown}
 N - a potion of berserk rage {unknown}


   Skills:
 + Level 15.5 Fighting
 + Level 15.2 Long Blades
 - Level 6.1 Throwing
 - Level 2.6 Armour
 + Level 13.9 Dodging
 - Level 4.0 Shields


You had 12 spell levels left.
You didn't know any spells.
Your spell library was empty.

Dungeon Overview and Level Annotations

Branches:
Dungeon (9/15)             Temple (0/1) D:4            Lair (5/5) D:8
 Shoals (0/4) Lair:2       Spider (0/4) Lair:2        Slime (0/5) Lair:4
Ossuary (visited)
    Orc: D:9-12

Altars:
Cheibriados
The Shining One

Shops:
D:1 (   D:4 !   D:5 [

Annotations:
Lair:3 exclusion: 2 oklob plants


Innate Abilities, Weirdness & Mutations

You have a pair of horns on your head.
You reflexively headbutt those who attack you in melee.


Message History

As you read the scroll of fear, it crumbles to dust.
You assume a fearsome visage.
The steam dragon looks frightened!
The skeletal warrior is unaffected. x2; The troll looks frightened!
The skeletal warrior hits you with a +0 scimitar!
* * * LOW HITPOINT WARNING * * *
The skeletal warrior barely misses you.
Okay, then.
Unknown command.
A red film seems to cover your vision as you go berserk!
You feel yourself moving faster!
You feel mighty!
Your skin stops crawling.
You feel less strong-willed. The skeletal warrior barely misses you.
The skeletal warrior hits you but does no damage.
You hit the skeletal warrior but do no damage.
The skeletal warrior is almost destroyed.
The skeletal warrior hits you with a +0 scimitar!!
* * * LOW HITPOINT WARNING * * *
You hit the skeletal warrior. You burn the skeletal warrior.
You headbutt the skeletal warrior.
The skeletal warrior is almost destroyed.
The skeletal warrior hits you but does no damage.
You slash the skeletal warrior! You burn the skeletal warrior.
You destroy the skeletal warrior!
Trog accepts your kill.
The skeletal warrior hits you from afar with a +0 glaive!
* * * LOW HITPOINT WARNING * * *
The skeletal warrior barely misses you.
You see here a +0 scimitar.
You slice the skeletal warrior!! You burn the skeletal warrior.
The skeletal warrior is moderately damaged.
You slash the skeletal warrior! You burn the skeletal warrior.
The skeletal warrior is severely damaged.
The skeletal warrior misses you. You furiously retaliate!
You headbutt the skeletal warrior! You hit the skeletal warrior.
You burn the skeletal warrior.
The skeletal warrior is almost destroyed.
You hit the skeletal warrior but do no damage.
The skeletal warrior is almost destroyed.
The skeletal warrior hits you with a +0 glaive!!
You die...

############################
....T...†)z@................
........#########...........
........# #)#########.
........# #.# #. ........#
#.# #. Y.......# #.# #.
........# #.# #. ........#
#.# #. #.# #.


You could see a skeletal warrior and a troll (fleeing).

Vanquished Creatures
  2 hydras
  A catoblepas (Lair:3)
  A two-headed ogre (D:9)
  Nergalle (Lair:3)
  A skyshark (Lair:3)
  3 skeletal warriors (D:9)
  A manticore (Lair:2)
  4 elephants (Lair:5)
  A gargoyle (D:6)
  9 cane toads
  A black mamba (Lair:2)
  3 rime drakes
  8 komodo dragons
  A polar bear (Lair:3)
  A wind drake (Lair:2)
  A tyrant leech (Lair:5)
  28 blink frogs
  10 dream sheep
  A vampire (D:9)
  2 wyverns
  34 yaks
  Menkaure (D:7)
  Grum (D:9)
  An acid dragon (D:8)
  7 water moccasins
  Duvessa (D:7)
  2 black bears
  A sky beast (D:5)
  3 ogres
  16 wolves
  3 centaurs
  A kobold brigand (D:8)
  16 bullfrogs
  2 gnoll sergeants (D:7)
  2 scorpions (D:5)
  2 wights (D:8)
  Dowan (D:7)
  4 killer bees (D:8)
  4 electric eels (D:8)
  A howler monkey (D:6)
  2 centaur zombies (Ossuary)
  5 hounds (D:7)
  3 orc priests
  4 bombardier beetles
  2 jellies
  2 iguanas
  3 gnoll boudas
  3 orc wizards
  3 ogre zombies (Ossuary)
  7 mummies (Ossuary)
  Robin (D:3)
  14 gnolls
  12 adders
  2 white imps
  3 ufetubi
  3 adder zombies (Ossuary)
  4 ribbon worms
  2 dart slugs
  17 orcs
  5 ball pythons
  4 bats
  6 endoplasms
  3 giant cockroaches
  7 goblins
  14 hobgoblins
  8 kobolds
  2 quokkas
  A frilled lizard (D:2)
  3 gnoll zombies (Ossuary)
  5 goblin zombies (Ossuary)
  3 hobgoblin zombies (Ossuary)
  4 kobold zombies (Ossuary)
  2 quokka zombies (Ossuary)
  8 rats
  5 rat zombies (Ossuary)
355 creatures vanquished.

Vanquished Creatures (collateral kills)
  A yak (D:8)
  A water moccasin (D:6)
  A bullfrog (D:6)
  A wight (D:8)
  A killer bee (D:8)
  A bombardier beetle (D:6)
  2 hounds (D:6)
  2 iguanas (D:6)
  A gnoll (D:6)
  A white imp (D:6)
  2 kobolds (D:8)
14 creatures vanquished.

Grand Total: 369 creatures vanquished

Notes
Turn   | Place    | Note
-------+----------+-------------------------------------------
     0 | D:1      | bobo the Minotaur Berserker began the quest for the Orb.
     0 | D:1      | Reached XP level 1. HP: 19/19 MP: 0/0
   257 | D:1      | Found Tagaerr's Antique Weapon Shoppe.
   280 | D:1      | Reached XP level 2. HP: 26/27 MP: 1/1
   803 | D:2      | Reached XP level 3. HP: 30/33 MP: 2/2
   835 | D:2      | Reached ** piety under Trog
  1303 | D:3      | Noticed Robin
  1319 | D:3      | Killed Robin
  1360 | D:3      | Reached XP level 4. HP: 30/41 MP: 3/3
  1566 | D:3      | Found a faded altar of an unknown god.
  1682 | D:3      | Reached XP level 5. HP: 44/47 MP: 4/4
  1713 | D:3      | Identified the +1 robe of the Turtle {rN+ Regen+ Int-2
                  | Archmagi}
  1961 | D:3      | Reached skill level 5 in Fighting
  1961 | D:3      | Reached skill level 1 in Throwing
  2115 | D:4      | Identified the +4 leather armour of Syasih {Int+3}
  2162 | D:4      | Found Visadis's Distillery.
  2167 | D:4      | Bought a potion of curing for 39 gold pieces
  2217 | D:4      | Reached skill level 5 in Long Blades
  2765 | D:4      | Found a staircase to the Ecumenical Temple.
  2877 | D:5      | Entered Level 5 of the Dungeon
  2920 | D:5      | Reached XP level 6. HP: 56/56 MP: 5/5
  2956 | D:5      | Reached skill level 1 in Shields
  3001 | D:5      | Found Fikafe's Antique Armour Boutique.
  3007 | D:5      | Noticed a sky beast
  3020 | D:5      | Killed a sky beast
  3177 | D:5      | Reached XP level 7. HP: 55/62 MP: 6/6
  3435 | D:5      | Found a sand-covered staircase.
  3440 | Ossuary  | Entered an ossuary
  3484 | Ossuary  | Reached *** piety under Trog
  3621 | Ossuary  | Reached skill level 5 in Dodging
  4039 | D:5      | Reached XP level 8. HP: 71/71 MP: 7/7
  4357 | D:6      | Found a snail-covered altar of Cheibriados.
  4398 | D:6      | Noticed a gargoyle
  4533 | D:6      | Reached **** piety under Trog
  4612 | D:6      | Reached XP level 9. HP: 81/81 MP: 8/8
  4620 | D:6      | Killed a gargoyle
  4621 | D:6      | Reached skill level 5 in Throwing
  4831 | D:6      | Identified the +11 hand axe of Mafemol {speed, rF+ Str+3}
  5285 | D:5      | Bought a pair of masterwork gloves for 294 gold pieces
  5285 | D:5      | Identified the +1 pair of gloves "Acoxif" {Will++} (You
                  | bought it in a shop on level 5 of the Dungeon)
  5555 | D:7      | Noticed Duvessa
  5555 | D:7      | Noticed Dowan
  5566 | D:7      | Killed Duvessa
  5570 | D:7      | Killed Dowan
  5588 | D:7      | Noticed Menkaure
  5622 | D:7      | Killed Menkaure
  5778 | D:7      | Identified the +3 quarterstaff "Henaesm" {drain, rElec rF+
                  | Dex-2 Stlth+}
  6178 | D:1      | Bought a glowing falchion for 132 gold pieces
  6365 | D:8      | Found a staircase to the Lair.
  6477 | D:8      | Reached XP level 10. HP: 49/91 MP: 9/9
  7118 | Lair:1   | Entered Level 1 of the Lair of Beasts
  7306 | Lair:1   | Reached skill level 10 in Fighting
  7461 | Lair:1   | Noticed a cane toad
  7472 | Lair:1   | Killed a cane toad
  7473 | Lair:1   | Reached skill level 10 in Long Blades
  7571 | Lair:1   | Noticed a cane toad
  7580 | Lair:1   | Killed a cane toad
  7739 | Lair:1   | Noticed a cane toad
  7746 | Lair:1   | Killed a cane toad
  7747 | Lair:1   | Reached skill level 10 in Dodging
  7747 | Lair:1   | Reached XP level 11. HP: 55/102 MP: 10/10
  8012 | Lair:1   | Identified the +4 ring mail "Kuloinaa" {rElec Regen+
                  | Stlth+}
  8732 | Lair:2   | Found a hole to the Spider Nest.
  8803 | Lair:2   | Identified the +1 plate armour of Wurocledoq {Str-3 Dex+5
                  | SInv}
  8899 | Lair:2   | Found a staircase to the Shoals.
  9747 | Lair:3   | Noticed a skyshark
  9756 | Lair:3   | Killed a skyshark
  9765 | Lair:3   | Reached ***** piety under Trog
  9917 | Lair:3   | Reached XP level 12. HP: 98/115 MP: 11/11
 10061 | Lair:3   | Noticed a catoblepas
 10071 | Lair:3   | Killed a catoblepas
 10294 | Lair:3   | Noticed Nergalle
 10301 | Lair:3   | Killed Nergalle
 10371 | Lair:3   | Noticed a four-headed hydra
 10381 | Lair:3   | Killed a two-headed hydra
 11485 | Lair:4   | Found a staircase to the Slime Pits.
 12257 | Lair:5   | Entered Level 5 of the Lair of Beasts
 12357 | Lair:5   | Reached XP level 13. HP: 115/125 MP: 12/12
 12364 | Lair:5   | Reached skill level 15 in Fighting
 12693 | D:9      | Noticed Grum
 12702 | D:9      | Killed Grum
 12703 | D:9      | Received a gift from Trog
 12719 | D:9      | Found a glowing golden altar of the Shining One.
 12797 | D:9      | Reached skill level 15 in Long Blades
 12924 | D:9      | HP: 1/190 [skeletal warrior/+0 glaive (11)]
 12929 | D:9      | Demolished by a skeletal warrior

Illustrated notes

Levels and vault maps discovered:
D:1:      minmay_arrival_semitransparent, layout_loops_ring, serial_shops,
          nicolae_shop_stone
D:2:      layout_basic, nicolae_concentric_dashed_squares_wild
D:3:      layout_loops_ring, hellmonk_ecumenical_altar_crossroads, uniq_robin
D:4:      minmay_spotlight, layout_basic, temple_statues, serial_shops, shop,
          serial_bayou_pond_a, roderic_roman_lattice
D:5:      layout_basic, enter_ossuary_2, serial_shops, shop_statue
D:6:      wad_guarded_room, layout_basic, nicolae_overflow_crystal_walls,
          chequers_garden
D:7:      layout_cave_pools, serial_gnoll_camp, gnoll_camp_mini_hut,
          gnoll_camp_mini_doghouse, gnoll_camp_mini_house,
          gnoll_camp_mini_loothouse, uniq_menkaure, uniq_duvessa
D:8:      layout_rooms, lair_entry_dummy, chequers_big_river,
          amcnicky_mini_rare_corridor_liquid
D:9:      layout_long_grid, tso_oasis_becter, uniq_grum
Lair:1:   layout_long_grid
Lair:2:   layout_gridlike, minmay_shoals_entry_beasts,
          spider_nest_entry_web_field
Lair:3:   layout_gridlike, chequers_serial_rivers_marsh, dpeg_oklob_1,
          uniq_nergalle
Lair:4:   layout_regular_city, slime_entry_1
Lair:5:   minmay_lair_end_frog_pond, layout_layer_cave, hibernation_bobbens

Skill      XL: |  1  2  3  4  5  6  7  8  9 10 11 12 13 |
---------------+----------------------------------------+-----
Fighting       | 4 5 6 7 9 11 13 14 15 | 15.5
Long Blades    | 4 5 6 7 9 11 13 14 15 | 15.2
Dodging        | 3 4 5 6 8 10 11 13 | 13.9
Throwing       | 1 2 3 4 6 |  6.1
Shields        | 2 3 4 |  4.0
Armour         | |  2.6

Action                     |  1- 3 |  4- 6 |  7- 9 | 10-12 | 13-15 || total
---------------------------+-------+-------+-------+-------+-------++-------
  Melee: Falchion          |   100 |   122 |   337 |       |       ||   559
         Headbutt          |    13 |    23 |    82 |    77 |    16 ||   211
         Hand axe          |       |       |    29 |   157 |       ||   186
         Great sword       |       |       |       |   220 |    90 ||   310
  Throw: Boomerang         |       |    23 |       |       |       ||    23
         Javelin           |       |     3 |       |       |       ||     3
         Throwing net      |       |     1 |     3 |     1 |       ||     5
 Invoke: Berserk           |     2 |     3 |     5 |     3 |     1 ||    14
         Trog's Hand       |     1 |       |     3 |     5 |     1 ||    10
         Brothers in Arms  |       |       |     2 |       |       ||     2
  Evoke: Wand              |       |       |       |    20 |       ||    20
    Use: Scroll            |       |     6 |     5 |    13 |     1 ||    25
   Stab: Sleeping          |       |     1 |       |       |       ||     1
         Held in net/web   |       |       |     1 |       |       ||     1
 Armour: Ring mail         |    72 |    28 |       |       |       ||   100
         Leather armour    |       |    26 |   144 |       |       ||   170
         Scale mail        |       |       |    82 |   270 |    26 ||   378
         Plate armour      |       |       |       |       |    45 ||    45
  Dodge: Dodged            |    52 |    53 |   210 |   286 |    64 ||   665
  Block: Buckler           |       |     7 |    57 |       |       ||    64
         Kite shield       |       |       |    58 |    54 |       ||   112

Table legend: (Time is in decaauts)
 A = Elapsed time spent in this place.
 B = Non-inter-level travel time spent in this place.
 C = Inter-level travel time spent in this place.
 D = Time resting spent in this place.
 E = Time spent auto-exploring this place.
 F = Levels seen in this place.
 G = Mean time per level.
                   A        B        C        D        E       F      G
               +--------+--------+--------+--------+--------+-----+--------+
         Total |  13054 |  12224 |    830 |    706 |   8931 |  15 |  870.3 |
       Dungeon |   7176 |   6557 |    619 |    382 |   4586 |   9 |  797.3 |
          Lair |   5439 |   5228 |    211 |    319 |   4144 |   5 | 1087.8 |
       Ossuary |    438 |    438 |      0 |      5 |    201 |   1 |  438.0 |
               +--------+--------+--------+--------+--------+-----+--------+

Top non-repeatable levels by time:
  Lair:3: 1562 daAuts
  Lair:1: 1433 daAuts
     D:6: 1178 daAuts
  Lair:4: 1143 daAuts
     D:4: 1124 daAuts
  Lair:2: 1096 daAuts
     D:3: 871 daAuts
     D:8: 823 daAuts
     D:1: 739 daAuts
     D:7: 727 daAuts
     D:2: 678 daAuts
     D:5: 668 daAuts
 Ossuary: 438 daAuts
     D:9: 364 daAuts
  Lair:5: 203 daAuts
